 Dungeon Crawl Stone Soup version 0.29-a0-617-g7a6b98fccd (webtiles) character file.

Game seed: 17945957152466713834

46 Vylera the Digger (level 3, -1/16 HPs)
             Began as a Vine Stalker Wanderer on June 18, 2022.
             Was a Follower of Makhleb.
             Slain by a gnoll
             ... wielding a +0 spear
              (2 damage)
             ... on level 2 of the Dungeon.
             The game lasted 00:04:45 (1728 turns).

Vylera the Digger (Vine Stalker Wanderer)           Turns: 1728, Time: 00:04:46

Health: -1/16      AC:  4    Str: 18    XL:     3   Next: 68%
Magic:  0/7        EV: 11    Int: 12    God:    Makhleb [*.....]
Gold:   46         SH:  0    Dex: 11    Spells: 6/7 levels left

rFire   . . .      SeeInvis .   s - +1 war axe (freeze)
rCold   . . .      Faith    .   (no shield)
rNeg    + . .      Spirit   +   e - +0 leather armour
rPois   .          Reflect  .   (no helmet)
rElec   .          Harm     .   (no cloak)
rCorr   .          Rampage  .   (no gloves)
Will    .....                   h - +0 pair of boots
Stlth   +.........              (no amulet)
HPRegen 0.05/turn               l - ring of positive energy
MPRegen 0.10/turn               (no ring)

@: no status effects
A: fangs 2, magic shield, antimagic bite, no potion heal 2
a: Renounce Religion


You were on level 2 of the Dungeon.
You worshipped Makhleb.
Makhleb was aware of your devotion.
You visited 1 branch of the dungeon, and saw 2 of its levels.

You collected 46 gold pieces.

Inventory:

Hand Weapons
 a - a +0 dagger
 m - a +0 dagger of protection
 q - a +0 hunting sling
 s - a +1 war axe of freezing (weapon)
Missiles
 b - 13 poisoned darts
Armour
 e - a +0 leather armour (worn)
 h - a +0 pair of boots (worn)
Jewellery
 l - a ring of positive energy (left hand)
Scrolls
 f - a scroll of amnesia {unknown}
 g - a scroll of silence {unknown}
 j - 3 scrolls of identify {unknown}
 o - a scroll of teleportation {unknown}
 r - a scroll of noise {unknown}
Potions
 c - a potion of lignification
 d - a potion of berserk rage
 i - a potion of attraction {unknown}
 k - 2 potions of flight {unknown}
 n - 2 potions of degeneration {unknown}
 p - a potion of heal wounds {unknown}
 t - a potion of mutation {unknown}
 u - a potion of resistance {unknown}


   Skills:
 - Level 0.2 Short Blades
 * Level 0.4 Axes
 - Level 1.0 Throwing
 - Level 1.5 Armour
 - Level 0.2 Dodging
 - Level 1.0 Unarmed Combat
 + Level 2.5 Spellcasting
 * Level 4.9 Earth Magic


You had 6 spell levels left.
You knew the following spells:

 Your Spells              Type           Power      Damage    Failure   Level
a - Sandblast             Erth           26%        2d8       4%          1

Your spell library contained the following spells:

 Spells                   Type           Power      Damage    Failure   Level
 Stone Arrow              Conj/Erth      14%        3d7       32%         3
 Animate Armour           Summ/Erth      14%        N/A       73%         4


Dungeon Overview and Level Annotations

Branches:
Dungeon (2/15)

Altars:
Makhleb

Shops:
D:2 *


Innate Abilities, Weirdness & Mutations

You have extremely sharp teeth.
When hurt, damage is shared between your health and your magic reserves.
Your bite disrupts and absorbs the magic of your enemies.
Potions cannot restore your health.


Message History

You are frozen.
Aiming: Sandblast (safe; 4% risk of failure)
Press: ? - help, Q - select action, (/) - cycle Shift-Dir - straight line, f/p - endoplasm
Aim: an endoplasm (moderately wounded, 98% to hit)
The blast of sand hits the endoplasm.
You kill the endoplasm!
Makhleb accepts your kill.
j - 3 scrolls labelled ZOWNAQ HOARAWK (gained 1)
Found Solo's General Store.
There is an entrance to Solo's General Store here.
A gnoll comes into view. It is wielding a +0 spear.
The gnoll shouts!
A gnoll comes into view. It is wielding a +0 spear.
An endoplasm comes into view.
A gnoll comes into view. It is wielding a +0 whip.
The gnoll shouts!
The gnoll misses you. The gnoll barely misses you.
The gnoll hits you from afar with a +0 spear.
The gnoll hits you with a +0 spear!
Aiming: Sandblast (safe; 4% risk of failure)
Press: ? - help, Q - select action, (/) - cycle Shift-Dir - straight line, f - gnoll
Aim: a gnoll, wielding a +0 spear (82% to hit)
The blast of sand hits the gnoll.
The gnoll is moderately wounded.
The gnoll misses you. The gnoll hits you with a +0 spear.
* * * LOW HITPOINT WARNING * * *
The endoplasm freezes you.
You are frozen.
* * * LOW HITPOINT WARNING * * *
You don't have enough magic to cast this spell.
Unknown command.
Unknown command.
You don't have enough magic to cast this spell.
Unknown command.
You hit the gnoll. You freeze the gnoll. Your bite misses the gnoll.
The gnoll is almost dead.
You hit the endoplasm. You freeze the endoplasm.
The gnoll hits you with a +0 spear.
You die...

... ... ##.#.# .....
#.#.## ## ..... ..# #g#g#
##########.# ####.#@#
#.......##.# ####....#J#
#.......##.# .......gg.#
#.......##.#
#.......#######.......##.#
#.........#...........+.÷.
#...#####...###.......##.#
#.. #.∩.# #.......##.# #.
#...# #..........# # #.#.#
#...........


You could see 2 gnolls and an endoplasm.

Vanquished Creatures
  An adder (D:2)
  A dart slug (D:1)
  6 ball pythons
  5 bats (D:1)
  4 endoplasms
  A giant cockroach (D:1)
  3 goblins
  A hobgoblin (D:1)
  3 quokkas
  2 frilled lizards (D:1)
  2 kobolds
  3 rats (D:1)
32 creatures vanquished.

Notes
Turn   | Place    | Note
-------+----------+-------------------------------------------
     0 | D:1      | Vylera the Vine Stalker Wanderer began the quest for the
                  | Orb.
     0 | D:1      | Vylera set off with the following items: a +0 dagger, 13
                  | poisoned darts, a potion of lignification, a potion of
                  | berserk rage, a +0 leather armour; and the following spell
                  | memorised: Sandblast; and the following spells available to
                  | memorise: Stone Arrow, Animate Armour.
     0 | D:1      | Reached XP level 1. HP: 9/9 MP: 4/4
   297 | D:1      | Reached XP level 2. HP: 13/13 MP: 3/6
   784 | D:1      | Reached XP level 3. HP: 16/16 MP: 7/7
   822 | D:1      | Found a faded altar of an unknown god.
   866 | D:1      | Prayed at the altar of an unknown god.
   866 | D:1      | Became a worshipper of Makhleb the Destroyer
   866 | D:1      | Reached * piety under Makhleb
  1416 | D:2      | Found Okekhum's One-of-a-Kind Rings.
  1713 | D:2      | Found Solo's General Store.
  1728 | D:2      | Slain by a gnoll

Illustrated notes

Levels and vault maps discovered:
D:1:      dpeg_arrival_orchard, layout_loops_ring, serial_forest,
          infiniplex_forest_clump_double, infiniplex_forest_zigzag_2,
          infiniplex_forest_3_way, infiniplex_forest_corner_2,
          infiniplex_forest_clump_cross, infiniplex_forest_lined_3_way,
          infiniplex_forest_clump_double, dilly_ecumenical_altar_fadedgnrine,
          minmay_box_of_dots
D:2:      layout_basic, serial_shops, shop, nicolae_shop_stone, basic_altar,
          nicolae_shop_unique_rings

Action                   || total
-------------------------++-------
Melee: Dagger            ||    45
       Bite              ||    14
       War axe           ||    10
 Cast: Sandblast         ||    20
Armor: Leather armour    ||    21
Dodge: Dodged            ||    50

Table legend: (Time is in decaauts)
 A = Elapsed time spent in this place.
 B = Non-inter-level travel time spent in this place.
 C = Inter-level travel time spent in this place.
 D = Time resting spent in this place.
 E = Time spent auto-exploring this place.
 F = Levels seen in this place.
 G = Mean time per level.
                   A        B        C        D        E       F      G
               +--------+--------+--------+--------+--------+-----+--------+
         Total |   1751 |   1726 |     25 |      0 |   1452 |   2 |  875.5 |
       Dungeon |   1751 |   1726 |     25 |      0 |   1452 |   2 |  875.5 |
               +--------+--------+--------+--------+--------+-----+--------+

Top non-repeatable levels by time:
     D:1: 1263 daAuts
     D:2: 487 daAuts
